Map: Sludge City

Players

HEKK

  • Race: Protoss Protoss
  • League: Silver
  • Spawn Location: 5:00

bARX

  • Race: Protoss Protoss
  • Spawn Location: 5:00

Grumm - Winner!

  • Race: Protoss Protoss
  • League: Gold
  • Spawn Location: 11:00

TERDBURGLAR - Winner!

  • Race: Terran Terran
  • Spawn Location: 9:00

VOD

Have the link to the VOD?

Description

Time

  • Played on: Jan. 7, 2016, 2:22 a.m.
  • Length: 8:51
Show
View Real Time Build Order
Export as new Build Order

HEKK Protoss 

Build Orders:  

Get SALT Encoding   

  12  0:02  Probe (Chrono Boost)  
  13  0:14  Probe (Chrono Boost)  
  14  0:23  Pylon  
  14  0:27  Probe (Chrono Boost)  
  15  0:41  Probe (Chrono Boost)  
  16  0:44  Gateway  
  16  1:03  Probe (Chrono Boost)  
  17  1:14  Forge  
  17  1:53  Probe (Chrono Boost)  
  18  1:56  Assimilator  
  18  1:58  Assimilator  
  18  2:03  Photon Cannon  
  18  2:04  Probe (Chrono Boost)  
  18  2:05  Photon Cannon  
  19  2:08  Pylon  
  20  2:44  Probe (Chrono Boost)  
  20  2:55  Probe (Chrono Boost)  
  20  2:57  Nexus  
  21  3:02  Assimilator  
  21  3:05  Pylon  
  21  3:08  Assimilator  
  21  3:25  Probe (Chrono Boost)  
  22  4:19  Probe x2 (Chrono Boost)  
  24  4:29  Probe (Chrono Boost)  
  24  4:30  Probe (Chrono Boost)  
  26  4:40  Cybernetics Core, Probe (Chrono Boost)  
  27  4:50  Probe (Chrono Boost)  
  28  5:01  Probe (Chrono Boost)  
  29  5:12  Probe (Chrono Boost)  
  30  5:23  Probe x2 (Chrono Boost)  
  32  5:33  Probe (Chrono Boost)  
  32  5:34  Probe (Chrono Boost)  
  34  7:16  Probe (Chrono Boost)  
  34  7:17  Probe (Chrono Boost)  
Show
View Real Time Build Order
Export as new Build Order

bARX Protoss 

Build Orders: Oracle Opening 

Get SALT Encoding   

  12  0:01  Probe (Chrono Boost)  
  13  0:12  Probe (Chrono Boost)  
  14  0:22  Pylon, Probe (Chrono Boost)  
  15  0:40  Probe (Chrono Boost)  
  16  0:43  Gateway  
  16  0:46  Assimilator  
  16  0:49  Assimilator  
  16  0:52  Probe (Chrono Boost)  
  17  1:15  Probe (Chrono Boost)  
  18  1:21  Gateway  
  19  1:25  Probe (Chrono Boost)  
  19  1:45  Cybernetics Core, Probe (Chrono Boost)  
  20  1:50  Forge  
  20  1:55  Probe (Chrono Boost)  
  21  2:06  Probe (Chrono Boost)  
  22  2:17  Probe (Chrono Boost)  
  23  2:25  Pylon  
  23  2:36  Stargate  
  23  3:05  Mothership Core (Chrono Boost)  
  25  3:11  Stargate  
  25  3:14  Protoss Air Weapons Level 1 (Chrono Boost)  
  25  3:25  Probe  
  26  3:29  Oracle (Chrono Boost)  
  29  3:44  Photon Cannon  
  29  3:48  Pylon  
  29  3:51  Photon Cannon  
  29  3:55  Photon Cannon  
  29  4:08  Oracle (Chrono Boost)  
  29  4:09  Oracle (Chrono Boost)  
  35  4:19  Probe  
  36  4:31  Probe  
  37  5:04  Fleet Beacon  
  37  5:06  Protoss Air Armor Level 1 (Chrono Boost)  
  37  5:08  Protoss Shields Level 1  
  37  5:21  Robotics Facility  
  37  5:23  Probe  
  37  5:27  Twilight Council  
  38  5:35  Probe  
  36  6:05  Void Ray  
  36  6:08  Void Ray  
  38  6:21  Photon Cannon  
  38  6:24  Stargate, Photon Cannon  
  38  6:26  Photon Cannon  
  38  6:34  Pylon  
  38  6:38  Pylon, Dark Shrine  
  38  6:40  Pylon  
  38  6:52  Tempest x2  
  46  7:09  Warp Prism  
  48  7:16  Probe  
  48  7:20  Tempest  
  53  7:26  Anion Pulse-Crystals  
  53  7:56  Dark Templar x2  
Show
View Real Time Build Order
Export as new Build Order

Grumm Protoss - Winner!

Build Orders: Nexus First 

Get SALT Encoding   

  12  0:01  Probe (Chrono Boost)  
  13  0:11  Probe (Chrono Boost)  
  14  0:42  Nexus  
  14  0:53  Pylon  
  14  0:55  Probe (Chrono Boost)  
  15  1:10  Assimilator  
  15  1:11  Probe (Chrono Boost)  
  15  1:18  Gateway  
  16  1:23  Probe (Chrono Boost)  
  17  1:33  Gateway  
  17  1:37  Probe (Chrono Boost)  
  18  1:46  Assimilator  
  18  1:52  Assimilator  
  18  1:57  Pylon  
  18  2:03  Probe (Chrono Boost)  
  19  2:11  Probe (Chrono Boost)  
  19  2:13  Probe (Chrono Boost)  
  21  2:22  Cybernetics Core  
  21  2:33  Assimilator  
  21  2:36  Probe x2 (Chrono Boost)  
  23  2:43  Forge  
  23  2:46  Zealot  
  23  2:50  Probe (Chrono Boost)  
  26  2:51  Probe (Chrono Boost)  
  27  2:59  Warp Gate  
  27  3:00  Probe (Chrono Boost)  
  27  3:02  Probe (Chrono Boost)  
  29  3:13  Probe x2 (Chrono Boost)  
  31  3:24  Photon Cannon  
  31  3:29  Adept x2  
  31  3:30  Probe (Chrono Boost)  
  36  3:38  Probe (Chrono Boost)  
  36  3:40  Probe (Chrono Boost)  
  38  3:49  Probe (Chrono Boost)  
  38  3:50  Pylon  
  38  3:51  Probe (Chrono Boost)  
  40  3:56  Pylon  
  40  3:59  Probe (Chrono Boost)  
  40  4:01  Probe (Chrono Boost)  
  43  4:10  Probe (Chrono Boost)  
  43  4:12  Probe (Chrono Boost)  
  43  4:14  Pylon  
  44  4:17  Gateway  
  44  4:19  Gateway  
  44  4:24  Pylon  
  44  4:32  Photon Cannon  
  44  4:35  Photon Cannon  
  44  4:36  Probe (Chrono Boost)  
  44  4:37  Probe (Chrono Boost)  
  46  4:42  Protoss Ground Weapons Level 1 (Chrono Boost)  
  46  4:59  Probe  
  46  5:01  Probe  
  48  5:17  Zealot  
  48  5:18  Stalker  
  48  5:19  Nexus  
  52  5:23  Pylon  
  52  5:28  Gateway  
  52  5:29  Robotics Facility  
  52  5:31  Robotics Facility  
  52  5:33  Assimilator  
  49  5:38  Photon Cannon  
  48  5:47  Stalker x3  
  54  6:21  Robotics Bay  
  54  6:22  Pylon  
  54  6:27  Gateway  
  54  6:32  Pylon  
  54  6:35  Probe  
  54  6:36  Pylon, Probe  
  56  6:47  Protoss Ground Armor Level 1 (Chrono Boost)  
  56  6:51  Immortal x2  
  56  6:53  Stalker x3  
  70  6:55  Stalker  
  70  6:56  Probe  
  70  6:58  Probe  
  74  7:03  Twilight Council  
  74  7:07  Probe x2  
  74  7:10  Probe  
  77  7:17  Probe x2  
  79  7:24  Probe  
  79  7:28  Probe  
  81  7:30  Disruptor x2  
  81  7:31  Probe  
  81  7:36  Probe  
  89  7:38  Probe  
  89  7:42  Probe  
  91  7:45  Photon Cannon  
  91  7:47  Assimilator  
  91  7:48  Probe  
  91  7:49  Probe  
  93  7:52  Probe  
  94  7:59  Probe  
  94  8:00  Probe  
  96  8:06  Disruptor  
  102  8:14  Observer  
  102  8:17  Photon Cannon  
Show
View Real Time Build Order
Export as new Build Order

TERDBURGLAR Terran - Winner!

Build Orders: MMM Bio 

Get SALT Encoding   

  12  0:01  SCV  
  13  0:13  SCV  
  14  0:23  Supply Depot  
  14  0:25  SCV  
  15  0:47  Barracks  
  15  0:52  SCV  
  16  0:59  Barracks  
  16  1:10  Barracks  
  16  1:17  Barracks  
  16  1:20  SCV  
  17  2:13  Refinery  
  17  2:16  Refinery  
  17  2:33  Orbital Command  
  17  3:08  Barracks Reactor  
  17  3:11  Barracks Tech Lab  
  17  3:16  Command Center  
  17  3:20  Supply Depot  
  17  3:29  SCV  
  18  3:41  SCV  
  19  3:42  Barracks Reactor  
  19  3:43  Combat Shields  
  19  3:47  Barracks Reactor  
  19  3:50  Marine x2  
  19  3:51  Marine  
  19  3:55  SCV  
  23  4:03  Factory  
  23  4:08  SCV  
  24  4:15  Marine  
  24  4:16  Marine  
  26  4:20  SCV  
  26  4:23  Marine  
  26  4:24  Marine  
  28  4:26  Marine  
  28  4:27  Marine  
  31  4:32  Marauder  
  33  4:40  SCV x2  
  35  4:51  Engineering Bay  
  35  4:56  Starport  
  35  4:58  Factory Reactor  
  35  5:03  Stimpack  
  35  5:05  Orbital Command  
  35  5:07  SCV  
  36  5:09  Marine  
  36  5:10  Marine x3  
  36  5:14  Marauder  
  42  5:19  Missile Turret  
  42  5:25  Missile Turret  
  42  5:32  Supply Depot  
  42  5:33  Terran Infantry Weapons Level 1  
  42  5:43  Marine x2  
  42  5:44  Marine x2  
  42  5:49  Marine  
  46  6:02  Marine  
  46  6:03  Starport, Factory Reactor, Marine x4  
  51  6:11  Marine x2  
  53  6:20  Marine  
  54  6:25  Supply Depot  
  54  6:32  Supply Depot  
  54  6:43  Refinery  
  54  6:45  Refinery  
  54  6:47  Medivac x2, Marine, SCV x2  
  61  6:59  SCV  
  62  7:05  Supply Depot  
  62  7:08  SCV  
  62  7:11  Marine x5, SCV  
  62  7:13  Factory Tech Lab  
  69  7:21  SCV  
  70  7:26  Viking, SCV  
  73  7:30  Supply Depot  
  73  7:33  Supply Depot  
  73  7:34  Viking  
  75  7:50  SCV  
  75  7:51  SCV  
  77  7:54  Marine x6  
  77  7:55  Marine  
  84  8:02  SCV  
  85  8:06  Viking  
Tags
 
Add a new tag
Caveats
  • Supply blocks, unpowered buildings, or Contaminate may cause inaccurate times.
  • Supply counts are checked every 10 seconds.